 Dungeon Crawl Stone Soup version 0.31-a0-986-g5e6e4ef867 (webtiles) character file.

Game seed: 446183179885830450

254 Curundu the Ruffian (level 5, -7/46 HPs)
             Began as a Draconian Berserker on Nov 8, 2023.
             Was a Priest of Trog.
             Splashed by a jelly's acid (8 damage)
             ... on level 6 of the Dungeon.
             The game lasted 00:21:37 (3154 turns).

Curundu the Ruffian (Draconian Berserker)           Turns: 3154, Time: 00:21:39

Health: -7/46      AC: -6    Str: 19    XL:     5   Next: 91%
Magic:  0/5        EV: 13    Int:  8    God:    Trog [***...]
Gold:   163        SH:  0    Dex: 12    Spells: 4/4 levels left

rFire   . . .        n - +0 hand axe (venom)
rCold   . . .        (no shield)
rNeg    . . .        (body armour unavailable)
rPois   .            (helmet restricted)
rElec   .            (no cloak)
rCorr   .            (no gloves)
SInv    .            o - +0 pair of boots
Will    .....        r - amulet of guardian spirit
Stlth   +            (no ring)
HPRegen 0.27/turn    (no ring)
MPRegen 0.09/turn

%: guardian spirit
@: corroded
A: AC +5, unfitting armour, cold-blooded
a: Renounce Religion, Berserk, Trog's Hand


You were on level 6 of the Dungeon.
You worshipped Trog.
Trog was most pleased with you.
You visited 1 branch of the dungeon, and saw 5 of its levels.

You collected 163 gold pieces.

Inventory:

Hand Weapons
 n - a +0 hand axe of venom (weapon)
Armour
 o - a +0 pair of boots (worn)
Magical Staves
 k - a staff of air
Jewellery
 l - an amulet of faith
 r - an amulet of guardian spirit (around neck)
Scrolls
 a - a scroll of summoning {unknown}
 b - a scroll of blinking {unknown}
 c - a scroll of immolation {unknown}
 d - a scroll of teleportation {unknown}
 f - a scroll of poison {unknown}
 h - a scroll of enchant armour {unknown}
 i - a scroll of identify {unknown}
 p - 3 scrolls of enchant weapon {unknown}
Potions
 e - a potion of berserk rage {unknown}
 g - a potion of haste {unknown}
 j - a potion of degeneration {unknown}
 m - 2 potions of mutation {unknown}
 q - a potion of curing {unknown}


   Skills:
 + Level 4.2 Fighting
 + Level 0.5 Axes
 + Level 3.8 Dodging
 + Level 0.5 Stealth
 + Level 5.2 Unarmed Combat


You had 4 spell levels left.
You didn't know any spells.
Your spell library was empty.

Dungeon Overview and Level Annotations

Branches:
Dungeon (6/15)
 Temple: D:4-7

Altars:
Gozag


Innate Abilities, Weirdness & Mutations

Your plain brown scales are hard. (AC +5)
You cannot fit into any form of body armour.
You are cold-blooded and may be slowed by cold attacks.


Message History

You hit the jelly.
Your hands burn!
The jelly is lightly wounded.
The jelly hits you.
You are splashed with acid!
You hit the jelly.
Your hands burn!
The jelly is moderately wounded.
The jelly misses you.
You hit the jelly. The acid corrodes you!
Your hands burn!
You tail-slap the jelly.
The jelly is severely wounded.
The jelly hits you but does no damage. The jelly hits you.
The acid corrodes you!
You are splashed with acid.
You hit the jelly but do no damage. The acid corrodes you!
Your hands burn!
The jelly is severely wounded.
You miss the orc wizard.
The orc wizard hits you with a +2 dagger of speed.
The orc wizard completely misses you. The jelly hits you.
The acid corrodes you!
You are splashed with acid!
* * * LOW HITPOINT WARNING * * *
You hit the jelly but do no damage.
Your hands burn!
* * * LOW HITPOINT WARNING * * *
The jelly is severely wounded.
You completely miss the orc wizard.
The orc wizard casts a spell.
The orc wizard flickers and vanishes!
Deactivating autopickup; reactivate with Ctrl-A.
The jelly barely misses you.
You hit the jelly but do no damage.
Your hands burn!
* * * LOW HITPOINT WARNING * * *
The jelly is severely wounded.
You barely miss something. Something hits you.
* * * LOW HITPOINT WARNING * * *
The jelly closely misses you. Something hits you.
* * * LOW HITPOINT WARNING * * *
You hit the jelly but do no damage.
Your hands burn!
* * * LOW HITPOINT WARNING * * *
The jelly is severely wounded.
You barely miss something. The jelly hits you.
* * * LOW HITPOINT WARNING * * *
You are splashed with acid!
You die...

...........?.....
.................
.........#.......
.........#.......
.........#.......
........)........
...o.........>...
......##J{.......
..... #@).......
.... #.).######
... #...# ..
#...# # #####


You could see a jelly.

Vanquished Creatures
  An orc priest (D:3)
  An iguana (D:4)
  5 gnolls
  6 adders
  2 worms (D:2)
  3 dart slugs
  7 orcs
  10 bats
  4 endoplasms
  5 giant cockroaches
  9 goblins
  5 hobgoblins
  4 kobolds
  3 quokkas (D:1)
  7 ball pythons
  3 frilled lizards
  A rat (D:1)
76 creatures vanquished.

Notes
Turn   | Place    | Note
-------+----------+-------------------------------------------
     0 | D:1      | Curundu the Draconian Berserker began the quest for the
                  | Orb.
     0 | D:1      | Reached XP level 1. HP: 19/19 MP: 1/1
    41 | D:1      | Reached XP level 2. HP: 19/26 MP: 2/2
   645 | D:1      | Reached XP level 3. HP: 26/33 MP: 3/3
   977 | D:1      | Reached ** piety under Trog
  1196 | D:2      | Found an opulent altar of Gozag.
  1217 | D:2      | Reached XP level 4. HP: 24/40 MP: 4/4
  1224 | D:2      | Reached skill level 4 in Unarmed Combat
  1225 | D:2      | HP: 1/40 [gnoll/+0 halberd (11)]
  1854 | D:2      | Reached XP level 5. HP: 46/46 MP: 5/5
  2585 | D:3      | Found an opulent altar of Gozag.
  3117 | D:4      | Reached skill level 5 in Unarmed Combat
  3118 | D:4      | You fall into a shaft and drop 2 floors!
  3135 | D:6      | Reached *** piety under Trog
  3154 | D:6      | HP: 1/46 [acid (2)]
  3154 | D:6      | Splashed by a jelly's acid

Illustrated notes

Levels and vault maps discovered:
D:1:      giann_bridges, layout_loops_corners, minivault_14,
          hangedman_decor_slide_cut
D:2:      layout_basic, basic_altar, st_stairs_3
D:3:      layout_loops_ring, nicolae_gozag_seed_capital
D:4:      layout_loops_ring, mainiacjoe_overflow_catwalk, serial_shops,
          nicolae_shop_hallway_plus, nicolae_letterblocks
          [nicolae_letter_subblock, nicolae_letter_subblock,
          nicolae_letter_subblock, nicolae_letter_subblock,
          nicolae_letter_subblock, nicolae_letter_subblock,
          nicolae_letter_subblock, nicolae_letter_subblock,
          nicolae_letter_subblock, nicolae_letter_subblock,
          nicolae_letter_subblock, nicolae_letter_subblock,
          nicolae_letter_subblock, nicolae_letter_subblock,
          nicolae_letter_subblock, nicolae_letter_subblock,
          nicolae_letter_subblock, nicolae_letter_subblock,
          nicolae_letter_subblock, nicolae_letter_subblock,
          nicolae_letter_subblock, nicolae_letter_subblock,
          nicolae_letter_subblock, nicolae_letter_subblock,
          nicolae_letter_subblock]
D:6:      layout_basic, okawaru_altar_gauntlet_db, minmay_misc_feat_nine_boxes

Skill      XL: |  1  2  3  4  5 |
---------------+----------------+-----
Dodging        | 3 |  3.8
Unarmed Combat | 4 5 |  5.2
Fighting       | 4 |  4.2
Axes           | |  0.5
Stealth        | |  0.5

Action                     |  1- 3 |  4- 6 || total
---------------------------+-------+-------++-------
  Melee: Unarmed           |   149 |   111 ||   260
         Tailslap          |    21 |    20 ||    41
         Punch             |     5 |     5 ||    10
         Hand axe          |       |    39 ||    39
 Armour: Skin              |    44 |    86 ||   130
  Dodge: Dodged            |    70 |   101 ||   171

Table legend: (Time is in decaauts)
 A = Elapsed time spent in this place.
 B = Non-inter-level travel time spent in this place.
 C = Inter-level travel time spent in this place.
 D = Time resting spent in this place.
 E = Time spent auto-exploring this place.
 F = Levels seen in this place.
 G = Mean time per level.
                   A        B        C        D        E       F      G
               +--------+--------+--------+--------+--------+-----+--------+
         Total |   3147 |   3147 |      0 |    234 |      0 |   5 |  629.4 |
       Dungeon |   3147 |   3147 |      0 |    234 |      0 |   5 |  629.4 |
               +--------+--------+--------+--------+--------+-----+--------+

Top non-repeatable levels by time:
     D:1: 1144 daAuts
     D:2: 971 daAuts
     D:3: 927 daAuts
     D:4: 64 daAuts
     D:6: 39 daAuts
